Map: Dusk Towers

Players

Spooky - Winner!

  • Race: Protoss Protoss
  • League: Diamond

LilDicky

  • Race: Terran Terran
  • League: Diamond

VOD

http://www.twitch.tv/tumescentpie

Description

Time

  • Played on: Dec. 1, 2015, 11:39 a.m.
  • Length: 10:59
Show
View Real Time Build Order
Export as new Build Order

Spooky Protoss - Winner!

Build Orders: 1 Gate Expand 

Get SALT Encoding   

  12  0:01  Probe (Chrono Boost)  
  13  0:12  Probe (Chrono Boost)  
  14  0:21  Pylon  
  14  0:24  Probe (Chrono Boost)  
  15  0:39  Probe (Chrono Boost)  
  15  0:40  Gateway  
  16  0:48  Assimilator  
  16  0:50  Probe (Chrono Boost)  
  17  1:00  Probe (Chrono Boost)  
  18  1:21  Nexus  
  18  1:36  Cybernetics Core  
  18  1:37  Probe (Chrono Boost)  
  19  1:48  Probe (Chrono Boost)  
  19  1:54  Gateway  
  20  2:00  Probe (Chrono Boost)  
  21  2:05  Assimilator  
  20  2:12  Pylon  
  20  2:14  Mothership Core (Chrono Boost)  
  22  2:18  Warp Gate (Chrono Boost)  
  22  2:32  Probe (Chrono Boost)  
  22  2:33  Probe (Chrono Boost)  
  24  2:43  Adept x2 (Chrono Boost)  
  28  2:52  Probe (Chrono Boost)  
  28  2:53  Probe (Chrono Boost)  
  30  3:02  Probe (Chrono Boost)  
  30  3:04  Probe  
  32  3:12  Robotics Facility  
  32  3:13  Probe  
  33  3:27  Pylon  
  33  3:36  Probe, Adept (Chrono Boost)  
  33  3:37  Probe  
  33  3:38  Adept (Chrono Boost)  
  39  3:50  Pylon  
  39  3:51  Probe x2 (Chrono Boost)  
  41  4:00  Pylon  
  41  4:01  Probe (Chrono Boost)  
  41  4:02  Observer  
  43  4:16  Gateway  
  43  4:22  Probe x2 (Chrono Boost)  
  45  4:25  Forge  
  45  4:33  Probe x2 (Chrono Boost)  
  45  4:35  Observer  
  45  4:36  Stalker x2  
  50  4:56  Immortal (Chrono Boost)  
  50  4:57  Probe x2 (Chrono Boost)  
  56  5:03  Pylon  
  56  5:05  Pylon  
  56  5:15  Stalker  
  56  5:16  Stalker  
  56  5:19  Pylon  
  60  5:26  Sentry  
  61  5:38  Probe  
  61  5:39  Probe  
  63  5:44  Pylon  
  63  5:49  Observer (Chrono Boost)  
  64  5:51  Probe  
  65  5:58  Stalker x3  
  69  6:07  Probe  
  69  6:08  Probe  
  71  6:17  Probe  
  71  6:20  Probe, Photon Cannon  
  62  6:28  Probe  
  62  6:32  Probe  
  64  6:35  Immortal (Chrono Boost)  
  64  6:38  Probe  
  66  6:44  Probe  
  66  6:49  Probe  
  67  6:59  Probe  
  67  7:00  Sentry x3  
  73  7:07  Mothership Core  
  74  7:10  Probe  
  73  7:23  Photon Cannon  
  71  7:38  Probe  
  71  7:39  Probe  
  73  7:47  Assimilator x2  
  73  7:48  Probe  
  73  7:49  Stalker x3  
  84  7:51  Probe  
  84  7:52  Immortal (Chrono Boost)  
  85  7:59  Probe  
  85  8:03  Probe  
  87  8:17  Robotics Bay  
  87  8:18  Gateway  
  87  8:21  Gateway  
  87  8:23  Gateway  
  87  8:25  Photon Cannon  
  87  8:28  Photon Cannon  
  87  8:30  Photon Cannon  
  87  8:32  Photon Cannon  
  87  8:33  Photon Cannon  
  87  8:35  Photon Cannon  
  87  8:55  Warp Prism (Chrono Boost)  
  88  9:06  Stalker x3  
  94  9:12  Pylon  
  94  9:13  Pylon  
  94  9:15  Pylon  
  94  9:30  Disruptor (Chrono Boost)  
  97  9:40  Pylon  
  97  9:41  Stalker x3  
  97  9:42  Stalker x3  
  109  9:52  Pylon  
  109  10:05  Disruptor (Chrono Boost)  
  112  10:08  Adept x4  
  112  10:12  Gateway  
  120  10:23  Stalker x2  
Show
View Real Time Build Order
Export as new Build Order

LilDicky Terran 

Build Orders: MMM Bio 

Get SALT Encoding   

  12  0:01  SCV  
  13  0:14  SCV  
  14  0:18  Supply Depot  
  14  0:26  SCV  
  14  0:27  Refinery  
  15  0:39  SCV  
  16  0:49  Barracks  
  16  0:57  SCV  
  17  1:09  SCV  
  18  1:21  SCV  
  19  1:35  Orbital Command  
  19  1:37  Supply Depot, Marine  
  20  1:41  Factory  
  20  1:57  Marine  
  21  2:04  Barracks  
  21  2:07  Barracks  
  21  2:08  SCV  
  21  2:15  Refinery  
  22  2:22  SCV  
  23  2:24  Barracks Reactor  
  23  2:34  SCV  
  23  2:35  Supply Depot  
  24  2:40  Widow Mine  
  26  2:50  SCV  
  27  2:55  Barracks Tech Lab  
  27  2:57  Barracks Tech Lab  
  26  3:03  Marine x2  
  28  3:08  Widow Mine  
  30  3:18  SCV  
  29  3:21  Combat Shields, Stimpack  
  29  3:23  Marauder, Marine x2  
  35  3:31  SCV  
  36  3:34  Supply Depot  
  34  3:43  Marine x2  
  34  3:44  Marauder  
  34  3:45  Marauder  
  34  3:47  SCV  
  39  3:56  Starport  
  39  4:05  Marine x2  
  39  4:07  Marauder  
  45  4:10  Marauder  
  45  4:16  Supply Depot  
  45  4:23  Marine x2  
  47  4:28  Marauder  
  49  4:33  Medivac  
  51  4:50  Marauder x2  
  51  4:51  Marine  
  51  4:52  Marine  
  57  5:00  Concussive Shells  
  57  5:01  Supply Depot  
  57  5:07  Medivac  
  57  5:12  Marauder  
  61  5:16  Widow Mine  
  63  5:43  Marauder x2, Marine x2  
  63  5:44  Widow Mine  
  62  6:11  Marine  
  62  6:12  Marauder x2  
  62  6:13  SCV  
  68  6:26  SCV  
  68  6:30  Marine  
  70  6:39  Marauder  
  69  6:40  Marauder  
  55  6:51  Marine x2  
  53  7:00  Marine  
  54  7:01  Marauder  
  56  7:08  Marine  
  56  7:09  Marine  
  56  7:13  SCV  
  61  7:18  Marauder  
  61  7:21  Command Center  
  61  7:25  SCV  
  51  7:32  Marine x2  
  47  7:38  SCV  
  47  7:39  Starport Reactor  
  46  7:50  SCV  
  47  7:55  Command Center  
  47  7:59  Marine  
  47  8:02  SCV  
  47  8:05  Marine  
  50  8:14  SCV  
  50  8:15  Marine x2  
  53  8:26  SCV  
  54  8:32  Orbital Command  
  54  8:38  SCV  
  54  8:40  Engineering Bay  
  55  8:45  Bunker  
  55  8:46  Bunker  
  55  8:51  Liberator  
  55  8:52  Bunker  
  55  9:00  Marine x4  
  55  9:02  Medivac  
  64  9:11  SCV  
  64  9:12  SCV  
  66  9:19  Missile Turret  
  66  9:22  Engineering Bay  
  66  9:23  SCV  
  67  9:28  Orbital Command  
  67  9:31  SCV  
  68  9:35  SCV  
  69  9:39  Missile Turret  
  69  9:44  Marine x2  
  69  9:45  Marauder  
  73  9:47  Medivac  
  73  9:48  SCV  
  76  10:00  Refinery  
  76  10:02  Refinery  
  76  10:03  SCV x2  
  76  10:04  Marine  
  79  10:08  Supply Depot  
  79  10:10  Marine  
  79  10:11  Marine  
  81  10:15  Refinery  
  81  10:18  Refinery  
  82  10:25  Orbital Command  
  81  10:33  Marine x2  
Tags
 
Add a new tag
Caveats
  • Supply blocks, unpowered buildings, or Contaminate may cause inaccurate times.
  • Supply counts are checked every 10 seconds.